 Dungeon Crawl Stone Soup version 0.18-a0-1773-gec4f98e (webtiles) character file.

1290 dobroeutro the Shield-Bearer (level 8, 0/50 HPs)
             Began as a Gargoyle Fighter on Apr 14, 2016.
             Was a Believer of Okawaru.
             Slain by a komodo dragon (5 damage)
             ... on level 6 of the Dungeon.
             The game lasted 00:09:31 (4885 turns).

dobroeutro the Shield-Bearer (Gargoyle Fighter)     Turns: 4885, Time: 00:09:32

Health: 0/50       AC: 17    Str: 21    XL:     8   Next: 55%
Magic:  5/8        EV:  8    Int:  9    God:    Okawaru [**....]
Gold:   68         SH: 10    Dex: 10    Spells: 0 memorised, 7 levels left

rFire  . . .     SeeInvis +     a - +0 flail
rCold  + . .     Gourm    .     q - +1 scale mail {rC+}
rNeg   + . .     Faith    .     c - +0 shield
rPois  ∞         Spirit   .     r - +2 helmet
rElec  +         Dismiss  .     (no cloak)
rCorr  .         Reflect  .     (no gloves)
SustAt .         Harm     .     (no boots)
MR     .....     Clarity  +     (no amulet)
Stlth  ..........               (no ring)
                                p - ring of see invisible

@: not resistant to hostile enchantments, extremely unstealthy
A: clarity, negative energy resistance 1, screaming 1, electricity resistance,
unbreathing, petrification resistance, rot immunity, MP-powered wands, AC +5
a: Heroism, Renounce Religion


You were on level 6 of the Dungeon.
You worshipped Okawaru.
Okawaru was pleased with you.
You were near starving.

You visited 2 branches of the dungeon, and saw 7 of its levels.

You collected 267 gold pieces.
You spent 199 gold pieces at shops.

Inventory:

Hand Weapons
 a - a +0 flail (weapon)
Armour
 c - a +0 shield (worn)
 q - a +1 scale mail of cold resistance (worn)
 r - a +2 helmet (worn)
Jewellery
 p - a ring of see invisible (left hand)
Wands
 v - a wand of lightning (4/15)
 y - a wand of random effects (30/48)
 A - a wand of confusion (12/48)
 B - a wand of slowing (31/48)
Scrolls
 g - 2 scrolls of immolation
 h - 5 scrolls of fear
 j - 2 scrolls of teleportation {unknown}
 k - 9 scrolls of identify {unknown}
 l - 2 scrolls of recharging {unknown}
 m - 3 scrolls of remove curse
 o - 2 scrolls of noise {unknown}
 s - a scroll of magic mapping {unknown}
 t - a scroll of enchant weapon {unknown}
Potions
 b - a potion of lignification {unknown}
 d - a potion of might
 e - a potion of cancellation {unknown}
 n - 5 potions of curing
 w - 3 potions of heal wounds
 z - a potion of haste {unknown}
Comestibles
 f - 5 bread rations
 i - 4 meat rations
 u - a beef jerky


   Skills:
 + Level 5.5 Fighting
 + Level 5.1 Maces & Flails
 + Level 6.5 Armour
 + Level 7.3 Shields


You had 7 spell levels left.
You didn't know any spells.

Dungeon Overview and Level Annotations

Branches:
Dungeon (6/15)             Temple (1/1) D:4

Altars:
Gozag
Kikubaaqudgha
Makhleb
Okawaru
Qazlal
Ru
Vehumet
Yredelemnul

Shops:
D:4 !   D:5 !   D:6 [

Annotations:
D:3 Grinder


Innate Abilities, Weirdness & Mutations

You are resistant to torment.
Your stone body is resilient (AC +5).
You are immune to poison.
You resist negative energy.
You are resistant to electric shocks.
You can survive without breathing.
You are immune to petrification.
You are immune to rotting.
You possess an exceptional clarity of mind.
You occasionally shout uncontrollably at your foes.
You expend magic power (3 MP) to strengthen your wands.


Message History

You are too injured to fight recklessly!
You are too injured to fight recklessly!
You are too injured to fight recklessly!
You are too injured to fight recklessly!
You are too injured to fight recklessly!
You are too injured to fight recklessly!
You are too injured to fight recklessly!
There is an open door here.
Read which item? (? for menu, Esc to quit)
As you read the scroll labeled YRYNOV COU, it crumbles to dust.
The creatures around you are filled with an inner flame!
It was a scroll of immolation.
You block the komodo dragon's attack.
Evoke which item? (* to show all) (? for menu, Esc to quit)
Zapping:
A - a wand of confusion (will waste charges)
Press: ? - help, Shift-Dir - straight line, f - komodo dragon
Aim: a komodo dragon (moderately wounded, inner flame, chance to defeat MR: 32%)
The komodo dragon easily resists.
Evoking this partially-identified wand wasted a few charges.
The komodo dragon bites you.
You die...

###....##....#.#..#.##.
##..)###...#.##.#.##.###
#....# #..##.##...#....(
#...## #........##....#.
#...# ###.#......#..##.
##..#########...........
#..##...###.##....#.#..
##.#.....#####.....###.
###..@..# #.#.......
#..l..# ##.........
##...## #.###.....# ####
###'######## ##....#
##...##.....##...####.....
#!....#.....#.....##...<..
#(....'..8..'.....##...#..
#?....#.....#.....#..####.
##...##.....##...##.## ##


You could see a komodo dragon (inner flame).

Vanquished Creatures
  Prince Ribbit (D:6)
  Sigmund (D:6)
  A hungry ghost (D:6)
  An ice beast (D:5)
  2 ogres (D:4)
  Blork the orc (D:6)
  A giant frog (D:5)
  2 crimson imps (D:5)
  A hound (D:4)
  Jessica (D:3)
  Terence (D:3)
  An iguana (D:4)
  2 orc wizards (D:4)
  A worker ant (D:6)
  Robin (D:3)
  7 adders
  2 oozes
  A worm (D:4)
  2 giant geckos
  9 orcs (D:4)
  3 ball pythons
  8 bats
  3 bat skeletons (D:5)
  2 bat zombies (D:5)
  5 giant cockroaches
  16 goblins
  13 hobgoblins
  7 jackals
  4 kobolds
  2 quokkas (D:4)
  3 giant newts
  A jackal skeleton (D:4)
  6 rats
112 creatures vanquished.

Notes
Turn   | Place    | Note
--------------------------------------------------------------
     0 | D:1      | dobroeutro the Gargoyle Fighter began the quest for the Orb.
     0 | D:1      | Reached XP level 1. HP: 14/14 MP: 1/1
   130 | D:1      | Reached XP level 2. HP: 18/19 MP: 2/2
   708 | D:2      | Reached XP level 3. HP: 19/23 MP: 3/3
   862 | D:2      | Reached skill level 4 in Shields
  1297 | D:3      | Found an opulent altar of Gozag.
  1364 | D:3      | Noticed Jessica
  1377 | D:3      | Killed Jessica
  1377 | D:3      | Reached XP level 4. HP: 25/29 MP: 4/4
  1505 | D:3      | Noticed Terence
  1534 | D:3      | Killed Terence
  1562 | D:3      | Reached XP level 5. HP: 10/33 MP: 5/5
  1707 | D:3      | Noticed Grinder
  1709 | D:3      | Found a sacrificial altar of Ru.
  1709 | D:3      | Paralysed by Grinder for 2 turns
  2143 | D:3      | Noticed Robin
  2169 | D:3      | Killed Robin
  2169 | D:3      | Reached skill level 5 in Shields
  2573 | D:4      | Found a staircase to the Ecumenical Temple.
  2582 | Temple   | Entered the Ecumenical Temple
  2727 | Temple   | Became a worshipper of Warmaster Okawaru
  2777 | D:4      | Reached XP level 6. HP: 38/38 MP: 6/6
  2956 | D:4      | Reached * piety under Okawaru
  2956 | D:4      | Reached skill level 5 in Armour
  3049 | D:4      | Found Toreeplu's Distillery.
  3057 | D:4      | Bought a potion of heal wounds for 65 gold pieces
  3057 | D:4      | Bought a potion of curing for 39 gold pieces
  3057 | D:4      | Bought a potion of heal wounds for 65 gold pieces
  3338 | D:4      | Reached skill level 6 in Shields
  3338 | D:4      | Reached XP level 7. HP: 18/44 MP: 7/7
  3490 | D:5      | Entered Level 5 of the Dungeon
  3775 | D:5      | Found a stormy altar of Qazlal.
  3844 | D:5      | Found an ancient bone altar of Kikubaaqudgha.
  4036 | D:5      | Found Ymonuab's Distillery.
  4039 | D:5      | Bought a potion of mutation for 30 gold pieces
  4039 | D:5      | Gained mutation: You expend magic power (3 MP) to strengthen your wands. [potion of mutation]
  4039 | D:5      | Gained mutation: You possess an exceptional clarity of mind. [potion of mutation]
  4039 | D:5      | Gained mutation: You occasionally shout uncontrollably at your foes. [potion of mutation]
  4107 | D:6      | Noticed Sigmund
  4116 | D:6      | Killed Sigmund
  4116 | D:6      | Reached skill level 5 in Fighting
  4116 | D:6      | Reached XP level 8. HP: 45/49 MP: 8/8
  4304 | D:6      | Noticed Blork the orc
  4314 | D:6      | Killed Blork the orc
  4502 | D:6      | Reached ** piety under Okawaru
  4585 | D:6      | Found Tittiad's Armour Boutique.
  4637 | D:6      | Noticed Prince Ribbit
  4652 | D:6      | Killed Prince Ribbit
  4652 | D:6      | Reached skill level 7 in Shields
  4854 | D:6      | Reached skill level 5 in Maces & Flails
  4864 | D:6      | Noticed a komodo dragon
  4885 | D:6      | Slain by a komodo dragon

Vault maps used:
D:1:      dpeg_arrival_rhombi, hangedman_decor_diamond_cutter
D:2:      lemuel_crystal_altar, first_bread, kennysheep_generic_room_7
D:3:      kennysheep_goblin_castle, hangedman_ru_absence,
          nicolae_gozag_seed_capital, uniq_terence, uniq_grinder, uniq_jessica,
          uniq_robin
D:4:      kennysheep_spiral_hall, minmay_temple_entry_crystal_x, serial_shops,
          nicolae_shop_competitors_out_of_business
D:5:      kennysheep_vampire_church, old_standard_altar, serial_shops,
          nicolae_shop_trees
D:6:      serial_shops, shop, minmay_three_doors, uniq_blork_the_orc,
          uniq_prince_ribbit1, uniq_sigmund
Temple:   jpeg_temple_alley_garden_8

Skill      XL: |  1  2  3  4  5  6  7  8 |
---------------+-------------------------+-----
Shields        | 4 5 6 7 |  7.3
Armour         | 4 5 6 |  6.5
Fighting       | 4 5 |  5.5
Maces & Flails | 3 4 5 |  5.1

Action                   |  1- 3 |  4- 6 |  7- 9 || total
-------------------------+-------+-------+-------++-------
Melee: Flail             |   168 |   256 |   121 ||   545
Evoke: Wand              |       |       |     1 ||     1
  Use: Scroll            |     2 |     1 |     1 ||     4
       Potion            |       |     5 |     1 ||     6
  Eat: Chunk             |       |     9 |     4 ||    13
       Royal jelly       |       |       |     2 ||     2
Armor: Scale mail        |   106 |   263 |    54 ||   423
Dodge: Dodged            |    69 |   173 |    28 ||   270
Block: Shield            |   102 |   257 |    68 ||   427
